 Dungeon Crawl Stone Soup version 0.29-a0-231-g945431f764 (webtiles) character file.

Game seed: 1259788017975215667

41 Aksej the Skirmisher (level 3, -3/30 HPs)
             Began as a Demonspawn Monk on Feb 28, 2022.
             Slain by Grinder (4 damage)
             ... while paralysed by Grinder
             ... on level 3 of the Dungeon.
             The game lasted 00:03:38 (2240 turns).

Aksej the Skirmisher (Demonspawn Monk)              Turns: 2240, Time: 00:03:39

Health: -3/30      AC:  7    Str: 17    XL:     3   Next: 32%
Magic:  3/3        EV:  2    Int: 11    God:
Gold:   57         SH:  0    Dex: 17    Spells: 2/2 levels left

rFire   . . .      SeeInvis .   a - +0 mace
rCold   . . .      Faith    .   (no shield)
rNeg    . . .      Spirit   .   b - +0 robe
rPois   .          Reflect  .   (no helmet)
rElec   .          Harm     .   (no cloak)
rCorr   .          Rampage  .   (no gloves)
Will    .....                   h - +0 pair of boots
Stlth   ++........              (no amulet)
HPRegen 0.10/turn               g - +4 ring of protection
MPRegen 0.16/turn               f - +6 ring of strength

@: paralysed, hasted
A: foul stench 1, magic regeneration
a: no special abilities


You were on level 3 of the Dungeon.
You visited 1 branch of the dungeon, and saw 3 of its levels.

You collected 57 gold pieces.

Inventory:

Hand Weapons
 a - a +0 mace (weapon)
Armour
 b - a +0 robe (worn)
 h - a +0 pair of boots (worn)
Jewellery
 f - a +6 ring of strength (right hand)
 g - a +4 ring of protection (left hand)
Potions
 c - a potion of brilliance
 i - a potion of heal wounds {unknown}
 k - a potion of mutation {unknown}


   Skills:
 * Level 3.7 Fighting
 + Level 3.2 Maces & Flails
 + Level 2.9 Dodging
 + Level 1.9 Stealth


You had 2 spell levels left.
You didn't know any spells.
Your spell library was empty.

Dungeon Overview and Level Annotations

Branches:
Dungeon (3/15)

Altars:

Annotations:
D:3 Grinder


Innate Abilities, Weirdness & Mutations

You may rarely emit foul miasma when damaged in melee.
You regenerate magic rapidly.


Message History

You hit the endoplasm but do no damage. The endoplasm closely misses you.
You hit the endoplasm.
The endoplasm is heavily wounded.
The endoplasm barely misses you.
You feel less attractive to monsters.
You hit the endoplasm.
You kill the endoplasm!
As you read the scroll labelled CIQOMA MEAKE, it crumbles to dust.
You feel strangely unstable.
It was a scroll of teleportation.
Found a quarterstaff.
Found a stone staircase leading down.
Your surroundings suddenly seem different.
Found a stone staircase leading up.
Grinder comes into view.
Grinder shouts!
You closely miss Grinder. Grinder closely misses you. Grinder misses you.
You barely miss Grinder. Grinder gestures at you.
You barely resist. You hit Grinder but do no damage.
Grinder hits you but does no damage.
It was a potion of haste.
You feel yourself speed up. Grinder hits you.
You writhe in agony.
You hit Grinder.
Grinder is lightly wounded.
Grinder hits you.
You writhe in agony.
You hit Grinder.
Grinder is lightly wounded.
Grinder hits you.
You writhe in agony.
You closely miss Grinder.
Grinder is lightly wounded.
You barely miss Grinder.
Grinder is lightly wounded.
Grinder gestures at you.
You suddenly lose the ability to move!
Grinder hits you.
You writhe in agony.
Grinder hits you!
* * * LOW HITPOINT WARNING * * *
Grinder hits you.
* * * LOW HITPOINT WARNING * * *
You writhe in agony.
You die...

## .. #########
#. #.......# #.
#.#####.#
#.##5##.#####.#
#....@......#.#
...###.##.###.#.#
#.. #. #.# #.#.#
#.. #. #.###.#.#
.. .. #^......# #
.. ## ##....###
#.#. #.#### #.#.
#.# ##.#. #.#
##...<


You could see Grinder.

Vanquished Creatures
  A worm (D:2)
  6 endoplasms
  2 giant cockroaches (D:1)
  6 goblins
  2 hobgoblins
  3 jackals (D:1)
  4 ball pythons
  4 bats
  2 frilled lizards (D:2)
  3 kobolds
33 creatures vanquished.

Notes
Turn   | Place    | Note
-------+----------+-------------------------------------------
     0 | D:1      | Aksej the Demonspawn Monk began the quest for the Orb.
     0 | D:1      | Reached XP level 1. HP: 18/18 MP: 1/1
   433 | D:1      | Gained mutation: You may rarely emit foul miasma when
                  | damaged in melee. [demonic ancestry]
   433 | D:1      | Reached XP level 2. HP: 24/24 MP: 2/2
  1206 | D:1      | Found a faded altar of an unknown god.
  1633 | D:2      | Gained mutation: You regenerate magic rapidly. [demonic
                  | ancestry]
  1633 | D:2      | Reached XP level 3. HP: 30/30 MP: 3/3
  2229 | D:3      | Noticed Grinder
  2237 | D:3      | Paralysed by Grinder for 6 turns
  2240 | D:3      | HP: 1/30 [Grinder (2)]
  2240 | D:3      | Slain by Grinder

Illustrated notes

Levels and vault maps discovered:
D:1:      minmay_arrival_pointy, layout_loops_ring,
          ebering_ecumenical_altar_petrified
D:2:      layout_basic
D:3:      layout_loops_corners, portal_sewer_entry_e,
          chequers_serial_rivers_room_a, uniq_sigmund, uniq_grinder

Skill      XL: |  1  2 |
---------------+-------+-----
Maces & Flails | 3 |  3.2
Fighting       | |  3.7
Dodging        | |  2.9
Stealth        | |  1.9

Action                   || total
-------------------------++-------
Melee: Mace              ||   109
       Punch             ||     1
  Use: Scroll            ||     4
       Potion            ||     2
 Stab: Sleeping          ||     7
Armor: Robe              ||    25
Dodge: Dodged            ||    84

Table legend: (Time is in decaauts)
 A = Elapsed time spent in this place.
 B = Non-inter-level travel time spent in this place.
 C = Inter-level travel time spent in this place.
 D = Time resting spent in this place.
 E = Time spent auto-exploring this place.
 F = Levels seen in this place.
 G = Mean time per level.
                   A        B        C        D        E       F      G
               +--------+--------+--------+--------+--------+-----+--------+
         Total |   2265 |   2214 |     51 |      0 |   1906 |   3 |  755.0 |
       Dungeon |   2265 |   2214 |     51 |      0 |   1906 |   3 |  755.0 |
               +--------+--------+--------+--------+--------+-----+--------+

Top non-repeatable levels by time:
     D:1: 1467 daAuts
     D:2: 756 daAuts
     D:3: 41 daAuts
